 Dungeon Crawl Stone Soup version 0.17.0-28-g6e173f8 (console) character file.

9 gw the Skirmisher (level 2, 0/24 HPs)
             Began as a Demonspawn Abyssal Knight on Nov 22, 2015.
             Was a Follower of Lugonu.
             Slain by a giant newt (1 damage)
             ... on level 1 of the Dungeon.
             The game lasted 00:00:31 (759 turns).

gw the Skirmisher (Demonspawn Abyssal Knight)        Turns: 759, Time: 00:00:31

Health: 0/24       AC:  3    Str: 12    XL:     2   Next: 6%
Magic:  3/3        EV: 11    Int: 13    God:    Lugonu [*.....]
Gold:   44         SH:  0    Dex: 12    Spells: 0 memorised, 1 level left

rFire  . . .     SeeInvis .     a - +1 mace
rCold  . . .     Clarity  .     i - +0 leather armour (curse)
rNeg   . . .     SustAt   .     (no shield)
rPois  .         Gourm    .     (helmet restricted)
rElec  .         Spirit   .     (no cloak)
rCorr  .         Warding  .     (no gloves)
rMut   .         Stasis   .     (no boots)
MR     .....                    (no amulet)
Stlth  +.........               (no ring)
                                (no ring)

@: not resistant to hostile enchantments, very unstealthy
A: horns 1
a: Depart the Abyss, Renounce Religion


You were on level 1 of the Dungeon.
You worshipped Lugonu.
Lugonu was aware of your devotion.
You were not hungry.

You visited 1 branch of the dungeon, and saw 1 of its levels.
You visited the Abyss 1 time.

You collected 44 gold pieces.

Inventory:

Hand Weapons
 a - a +1 mace (weapon)
Missiles
 e - 36 stones (quivered)
Armour
 i - a cursed +0 leather armour (worn)
Scrolls
 d - 3 scrolls of identify {unknown}
 h - a scroll of magic mapping {unknown}
 j - a scroll of blinking {unknown}
Potions
 b - a potion of curing {unknown}
 f - a potion of lignification {unknown}
Comestibles
 c - a bread ration
 g - a beef jerky


   Skills:
 + Level 3.0 Fighting
 * Level 2.2 Maces & Flails
 + Level 0.5 Throwing
 + Level 1.8 Armour
 - Level 0.8 Dodging
 + Level 2.4 Invocations


You had one spell level left.
You didn't know any spells.

Dungeon Overview and Level Annotations

Branches:
Dungeon (1/15)

Altars:


Innate Abilities, Weirdness & Mutations

You have a pair of small horns on your head.


Message History

ATTACKING (0,-1)
You closely miss the jackal. The jackal bites you.
ATTACKING (0,-1)
You miss the jackal. The jackal closely misses you.
The jackal completely misses you.
ATTACKING (0,-1)
You barely miss the jackal. The jackal closely misses you.
The jackal bites you but does no damage.
ATTACKING (0,-1)
You hit the jackal.
The jackal is moderately wounded.
The jackal barely misses you.
The jackal bites you but does no damage.
The giant newt hisses menacingly.
ATTACKING (0,-1)
You hit the jackal.
You kill the jackal!
Lugonu accepts your kill. The giant newt bites you.
You die...

#%......# # #.......#
### #.......# ..## #####
#(......#
...######...####'######
...(.##.......##.#
...##..........#g#
..####....<....#l# ###
#.........#6# .###
##.......##.#
...######...####.#
.....######### #.#
........##...###.#
.7....##.......#.#
......#######.##.#######
.....##....#...#........
...###...#....##.#....##


You could see a hobgoblin and a giant newt.

Table legend:
 A = Turns spent in this place as a percentage of turns spent in the entire game.
 B = Non-inter-level travel turns spent in this place as a percentage of non-inter-level travel turns spent in the entire game.
 C = Inter-level travel turns spent in this place as a percentage of turns spent in this place.
 D = Turns resting spent in this place as a percentage of non-inter-level travel turns spent in this place.
 E = Turns spent auto-exploring this place as a percentage of non-inter-level travel turns spent in this place.
 F = Non-inter-level travel turns spent in this place divided by the number of levels of this place that you've seen.
                   A       B       C       D       E      F
               +-------+-------+-------+-------+-------+----------------------
         Total | 100.0 | 100.0 |   0.0 |   0.8 |   2.3 | 365.5
       Dungeon |  93.3 |  93.3 |   0.0 |   0.9 |   2.2 | 682.0
         Abyss |   6.7 |   6.7 |   0.0 |   0.0 |   4.1 |  49.0
               +-------+-------+-------+-------+-------+----------------------

Table legend:
 A = Kills in this place as a percentage of kills in entire the game.
 B = Kills by you in this place as a percentage of kills by you in the entire game.
 C = Kills by friends in this place as a percentage of kills by friends in the entire game.
 D = Other kills in this place as a percentage of other kills in the entire game.
 E = Experience gained in this place as a percentage of experience gained in the entire game.
 F = Experience gained in this place divided by the number of levels of this place that you have seen.
                   A       B       C       D       E      F
               +-------+-------+-------+-------+-------+----------------------
         Total | 100.0 | 100.0 |  -nan |  -nan | 100.0 |   7.0
       Dungeon | 100.0 | 100.0 |  -nan |  -nan | 100.0 |  14.0
               +-------+-------+-------+-------+-------+----------------------

Vanquished Creatures
  A hobgoblin (D:1)
  3 goblins (D:1)
  2 jackals (D:1)
  3 kobolds (D:1)
  A rat (D:1)
10 creatures vanquished.

Notes
Turn   | Place    | Note
--------------------------------------------------------------
     0 | Abyss:1  | gw the Demonspawn Abyssal Knight began the quest for the Orb.
     0 | Abyss:1  | Reached XP level 1. HP: 18/18 MP: 2/2
    16 | D:1      | Escaped the Abyss
   747 | D:1      | Gained mutation: You have a pair of small horns on your head. [demonic ancestry]
   747 | D:1      | Reached XP level 2. HP: 1/24 MP: 3/3
   755 | D:1      | HP: 1/24 [jackal (1)]
   759 | D:1      | Slain by a giant newt

Action                   || total
-------------------------++-------
Melee: Mace              ||    37
Throw: Stone             ||    19

Vault maps used:
D:1:      dpeg_arrival_three_same_balls
